 Dungeon Crawl Stone Soup version 0.30.0-5-g1a98f26d00 (webtiles) character file.

Game seed: 14829917584340062277

1558070 backslashecho the Slayer (level 25, 226/226 HPs)
             Began as a Demonspawn Monk on May 9, 2023.
             Was an Elder of Okawaru.
             Escaped with the Orb
             ... and 3 runes on May 10, 2023!
             The game lasted 05:57:50 (85470 turns).

backslashecho the Slayer (Demonspawn Monk)         Turns: 85470, Time: 05:57:50

Health: 226/226    AC: 37    Str: 22    XL:     25
Magic:  46/46      EV: 11    Int: 16    God:    Okawaru [****..]
Gold:   1771       SH: 19    Dex: 17    Spells: 24/24 levels left

rFire   + . .        a - +8 broad axe (vamp)
rCold   . . .        y - +1 kite shield {rN+}
rNeg    + . .        P - +7 storm dragon scales
rPois   +            u - +0 mask of the Dragon {Will+ Slay+3 SInv}
rElec   +            h - scarf {repulsion}
rCorr   +            (gloves unavailable)
SInv    +            C - +3 pair of boots of Hysteria {rPois rCorr}
Will    +++..        t - amulet of Pypeysyv {Regen+ Int+4} Stlth
                     M - ring of Haqystiy {rF+ MP+9 Slay+2 Stlth+}
HPRegen 1.37/turn    q - ring of willpower
MPRegen 0.60/turn

%: repel missiles, guardian spirit
@: studying 3 skills
A: icemail 2, augmentation 2, magic shield, magic regeneration, magic link, no
stealth, no fire magic, no hexes magic, no necromancy magic, inexperienced 2,
missing an eye, sanguine armour 3, condensation shield, demonic touch 3
0: Orb of Zot
}: 3/15 runes: barnacled, silver, gossamer
a: Renounce Religion, Heroism, Finesse


You escaped.
You worshipped Okawaru.
Okawaru was greatly pleased with you.
You visited 11 branches of the dungeon, and saw 51 of its levels.
You visited 2 bazaars.
You also visited: Trove and Ossuary.

You collected 10683 gold pieces.
You spent 8912 gold pieces at shops.

Inventory:

Hand Weapons
 a - a +8 vampiric broad axe (weapon)
 b - a +1 war axe of flaming
 e - a +1 antimagic broad axe
Missiles
 g - 59 poisoned darts
 k - 5 curare-tipped darts
 H - 13 javelins (quivered)
 S - 14 silver javelins
 W - 5 throwing nets
Armour
 h - a scarf of repulsion (worn)
 u - the +0 mask of the Dragon (worn) {Will+ Slay+3 SInv}
   (You bought it in a shop on level 2 of the Orcish Mines)

   Slay:      It affects your accuracy & damage with ranged weapons and melee
   (+3).
   SInv:      It lets you see invisible.
   Will:      It increases your willpower.
 y - a +1 kite shield of positive energy (worn)
 C - the +3 pair of boots of Hysteria (worn) {rPois rCorr}
   (You found it on level 1 of the Shoals)

   rPois:     It protects you from poison.
   rCorr:     It protects you from acid and corrosion.
 G - a +0 pair of boots of flying
 P - +7 storm dragon scales (worn)
Jewellery
 p - the ring "Idwy" {rPois rF+ Int+2 Dex+3}
   (You took it off a deep elf archer on level 3 of the Elven Halls)

   [ring of protection from fire]

   Int:       It affects your intelligence (+2).
   Dex:       It affects your dexterity (+3).
   rF:        It protects you from fire.
   rPois:     It protects you from poison.
 q - a ring of willpower (right hand)
 t - the amulet of Pypeysyv (around neck) {Regen+ Int+4}
   (You took it off a guardian mummy on level 3 of the Crypt)

   [amulet of regeneration]

   Int:       It affects your intelligence (+4).
   Regen:     It increases your rate of health regeneration.
 M - the ring of Haqystiy (left hand) {rF+ MP+9 Slay+2 Stlth+}
   (You bought it in a shop on level 4 of the Vaults)

   [ring of magical power]

   Slay:      It affects your accuracy & damage with ranged weapons and melee
   (+2).
   rF:        It protects you from fire.
   MP:        It affects your magic capacity (+9).
   Stlth:     It makes you more stealthy.
 T - a ring of positive energy
 V - a ring of protection from cold
Wands
 n - a wand of flame (79)
 o - a wand of digging (3)
 F - a wand of mindburst (54)
 J - a wand of acid (24)
 O - a wand of iceblast (39)
Scrolls
 c - a scroll of blinking
 f - 10 scrolls of immolation
 j - 17 scrolls of teleportation
 m - 3 scrolls of poison
 A - 2 scrolls of magic mapping
 E - 7 scrolls of fog
 U - a scroll of silence
 X - 4 scrolls of fear
Potions
 r - 8 potions of ambrosia
 v - 29 potions of curing
 w - 5 potions of magic
 x - 10 potions of flight
 z - 2 potions of haste
 B - a potion of invisibility
 D - a potion of might
 I - 2 potions of cancellation
 K - 14 potions of mutation
 L - 3 potions of resistance
 Y - 4 potions of heal wounds
Miscellaneous
 d - a condenser vane
 i - a phial of floods
 Q - a lightning rod (4/4)


   Skills:
 + Level 24.8 Fighting
 + Level 21.8 Axes
 - Level 16.0 Throwing
 - Level 18.0 Armour
 - Level 6.0 Dodging
 - Level 15.0 Shields
 - Level 1.0 Unarmed Combat
 - Level 20.0 Invocations
 + Level 14.6 Evocations


You had 24 spell levels left.
You didn't know any spells.
Your spell library contained the following spells:

 Spells                   Type           Power      Damage    Failure   Level
 Magic Dart               Conj           0%         1d3       83%         1
 Shock                    Conj/Air       0%         1d3       83%         1
 Sting                    Tmut/Pois      0%         1d3       83%         1
 Blink                    Tloc           0%         N/A       93%         2
 Lesser Beckoning         Tloc           0%         N/A       93%         2
 Momentum Strike          Conj/Tloc      0%         3d8       93%         2
 Passwall                 Tmut/Erth      0%         N/A       93%         2
 Poisonous Vapours        Pois/Air       0%         N/A       93%         2
 Searing Ray              Conj           0%         2d4       93%         2
 Frozen Ramparts          Ice            0%         1d1       99%         3
 Gell's Gravitas          Tloc           0%         N/A       99%         3
 Hailstorm                Conj/Ice       0%         3d3       99%         3
 Mephitic Cloud           Conj/Pois/Air  0%         N/A       99%         3
 Spider Form              Tmut/Pois      0%         N/A       99%         3
 Stone Arrow              Conj/Erth      0%         3d7       99%         3
 Swiftness                Air            0%         N/A       99%         3
 Teleport Other           Tloc           0%         N/A       99%         3
 Airstrike                Air            0%         2d(0-16)  100%        4
 Ice Form                 Ice/Tmut       0%         N/A       100%        4
 Manifold Assault         Tloc           0%         N/A       100%        4
 Olgreb's Toxic Radiance  Pois           0%         N/A       100%        4
 Passage of Golubria      Tloc           0%         N/A       100%        4
 Blade Hands              Tmut           0%         N/A       100%        5
 Freezing Cloud           Conj/Ice/Air   0%         6-21      100%        5
 Iron Shot                Conj/Erth      0%         9d1       100%        6
 Orb of Destruction       Conj           0%         9d5       100%        7
 Ozocubu's Refrigeration  Ice            0%         4d7       100%        7
 Storm Form               Tmut/Air       0%         N/A       100%        7
 Polar Vortex             Ice            0%         N/A       100%        9
 Summon Small Mammal      Summ           Unusable   N/A       N/A         1
 Call Imp                 Summ           Unusable   N/A       N/A         2
 Cigotuvi's Dreadful Rot  Necr/Pois/Air  Unusable   N/A       N/A         2
 Ensorcelled Hibernation  Hex/Ice        Unusable   N/A       N/A         2
 Call Canine Familiar     Summ           Unusable   N/A       N/A         3
 Ignite Poison            Fire/Tmut/Pois Unusable   N/A       N/A         3
 Summon Guardian Golem    Hex/Summ       Unusable   N/A       N/A         3
 Tukima's Dance           Hex            Unusable   N/A       N/A         3
 Anguish                  Hex/Necr       Unusable   N/A       N/A         4
 Animate Armour           Summ/Erth      Unusable   N/A       N/A         4
 Fulminant Prism          Conj/Hex       Unusable   3d5       N/A         4
 Summon Ice Beast         Ice/Summ       Unusable   N/A       N/A         4
 Yara's Violent Unravell  Hex/Tmut       Unusable   3d3       N/A         5
 Simulacrum               Ice/Necr       Unusable   N/A       N/A         6
 Starburst                Conj/Fire      Unusable   6d3       N/A         6
 Spellforged Servitor     Conj/Summ      Unusable   N/A       N/A         7

Dungeon Overview and Level Annotations

Branches:
Dungeon (15/15)            Temple (1/1) D:6            Lair (5/5) D:8
 Shoals (4/4) Lair:3       Spider (4/4) Lair:2        Slime (0/5) Lair:5
    Orc (2/2) D:9             Elf (3/3) Orc:2        Vaults (5/5) D:13
  Crypt (3/3) Vaults:3       Tomb (0/3) Crypt:3      Depths (4/4) D:15
    Zot (5/5) Depths:4    Ossuary (visited)

Altars:
Ashenzari
Cheibriados
Dithmenos
Fedhas
Gozag
Hepliaklqana
Kikubaaqudgha
Makhleb
Nemelex Xobeh
Okawaru
Qazlal
Ru
Sif Muna
Trog
Uskayaw
Vehumet
Wu Jian
Xom
Yredelemnul

Shops:
D:6 :*(!(   D:10 *   Orc:1 [**(   Orc:2 ((**   Vaults:1 ?   Vaults:4 (((=

Portals:
Hell: Depths:2 Depths:3 Depths:4
Abyss: Depths:2 Depths:3
Pandemonium: Depths:2
Ziggurat: Depths:4

Annotations:
D:13 3 runed translucent doors
Lair:5 exclusion: 3 oklob plants
Shoals:1 2 exclusions
Shoals:2 3 runed translucent doors, Rexy's ghost, adept MiFi
Shoals:3 3 runed translucent doors, SeerSkye's ghost, adept DjCj
Shoals:4 1 exclusion
Spider:1 1 exclusion
Elf:2 3 runed translucent doors
Elf:3 1 transporter
Vaults:3 2 transporters, 1 exclusion, Zotwa's ghost, adept GnSk
Depths:1 exclusions: 2 hell hogs and 1 more exclusion
Depths:3 1 exclusion
Depths:4 exclusion: frost giant
Zot:3 exclusion: 2 upstairs
Zot:4 36 runed doors, exclusions: 36 doors and 1 more exclusion, Vv
Zot:5 1 exclusion


Innate Abilities, Weirdness & Mutations

A meltable icy envelope protects you from harm. (AC +8)
Your magical and physical power is enhanced at high health.
When hurt, damage is shared between your health and your magic reserves.
You regenerate magic rapidly.
When low on magic, you restore magic in place of health.
You cannot be stealthy.
You cannot study or cast Fire magic.
You cannot study or cast Hexes magic.
You cannot study or cast Necromancy magic.
You are inexperienced. (-2 XL)
You are missing an eye, making it more difficult to aim.
When seriously injured, your blood forms very thick armour. (AC +0)
A meltable shield of frost defends you. (SH +4)
Your touch may irresistibly damage your foes and sap their willpower.


Message History

(D) Dungeon (T) Temple (L) Lair (A) Shoals (N) Spider Nest (M) Slime Pits (O) Orcish Mines (E) Elven Halls (V) Vaults (C) Crypt (W) Tomb (U) Depths (H) Hell (Z) Zot
Where to? (Enter - D:1 @ (x,y), ? - help)
You see here a +0 short sword.
There is a stone staircase leading up here.
You climb upwards.
There is a stone staircase leading down here.
There is a stone staircase leading up here.
You climb upwards.
There is a stone staircase leading down here.
There is an open door here.
There is a stone staircase leading up here.
You climb upwards.
There is a stone staircase leading down here.
A hell beast comes into view.
The hell beast attacks as you move away!
You block the hell beast's attack.
The hell beast tramples you but does no damage.
You slice the hell beast!!
The hell beast is moderately wounded.
You block the hell beast's attack.
The hell beast tramples you but does no damage.
You slice the hell beast!!
The hell beast is severely wounded.
You block the hell beast's attack. The hell beast misses you.
You slice the hell beast!!
You kill the hell beast!
Okawaru accepts your kill. 3 sun demons come into view.
The sun demon shouts! x2
The sun demon moves out of view.
Aiming: Dig
Press: ? - help, Shift-Dir - straight line, f - you Please select a direction to dig.
This square is covered in magical glow.
The rock shatters into small pieces.
You can no longer enter into single combat with a foe.
Okawaru will no longer gift you equipment.
A chaos spawn comes into view.
You block the chaos spawn's attack. You block the chaos spawn's attack.
The chaos spawn attacks as you move away!
You block the chaos spawn's attack. 3 golden eyes come into view.
There is a staircase leading out of the dungeon here.
The golden eye turns its gaze towards you. x3
The chaos spawn barely misses you.
You have escaped!

#################################
................................#
3.......########.##############..
#..♣♣.......................♣ ###
#..♣♣..8..8...........8..8..♣ #
#..♣♣.......................♣ #
#.♣♣♣.......................♣♣ #
#.♣♣...8..8.G.33......8..8...♣ #
#.♣♣...........4@............♣ #
#.♣♣...8.G8......)....8..8...♣ #
..♣♣♣....G..............÷...♣♣ #
### ♣...................÷...♣ #
♣..8..8...........8..8..♣ #
♣.......................♣ #
############.############ # ##..#
####### ##..## #......


You could see 2 sun demons, a chaos spawn and 3 golden eyes.

Vanquished Creatures
  2 dread liches
  An orb of fire (Depths:4)
  2 ancient liches (Vaults:5)
  A juggernaut (Depths:2)
  A Killer Klown (Zot:3)
  3 caustic shrikes (Depths:4)
  A curse toe (Zot:3)
  Xtahua (Vaults:5)
  Nikola (Vaults:2)
  6 golden dragons
  2 bone dragons
  2 electric golems
  16 tentacled monstrosities
  Rupert (D:15)
  A walking crystal tome (Depths:2)
  5 Orb Guardians
  Zenata (Vaults:1)
  A walking earthen tome (Depths:3)
  Asterion (Elf:3)
  2 titans
  2 deep elf blademasters (Elf:3)
  A walking divine tome (Depths:3)
  4 quicksilver dragons
  3 liches
  A walking frostbound tome (Depths:3)
  3 deep elf master archers (Elf:3)
  The ghost of Ullipcorian the Executioner, an adept HOFi of Okawaru (Shoals:1)
  6 ancient champions
  5 sphinxes
  6 death cobs
  10 shadow dragons
  A kraken (Shoals:3)
  The ghost of Ebloq the Warrior, an adept MiFi of Okawaru (Vaults:4)
  A sphinx (shapeshifter) (Depths:2)
  Frances (Shoals:1)
  12 tengu reavers
  9 draconian monks
  16 storm dragons
  Donald (Vaults:2)
  4 revenants
  2 draconian knights
  2 deep elf sorcerers (Elf:3)
  2 emperor scorpions (Spider:4)
  14 fire giants
  3 iron dragons
  21 vault wardens
  5 ghost moths
  6 frost giants
  9 draconian stormcallers
  4 draconian scorchers
  A cacodemon (D:15)
  4 deep elf elementalists (Elf:3)
  A curse skull (Crypt:3)
  Aizul (Spider:4)
  6 draconian shifters
  A caustic shrike skeleton (Crypt:3)
  20 ironbound preservers
  17 ghouls
  2 spriggan defenders (Depths:2)
  16 stone giants
  A quicksilver ooze (shapeshifter) (Vaults:5)
  4 draconian annihilators
  22 very ugly things
  A broodmother (Spider:2)
  3 war gargoyles (Vaults:5)
  8 ironbound thunderhulks
  4 black draconians
  10 green draconians
  The ghost of Tacit the Basher, a journeyman GrMo of Gozag (Spider:2)
  3 deep elf annihilators (Elf:3)
  5 deep elf demonologists
  12 purple draconians
  6 vampire knights
  25 dire elephants
  11 yellow draconians
  A lorocyproca (Depths:2)
  11 white draconians
  11 red draconians
  7 spark wasps
  4 eidola
  5 merfolk javelineers
  7 ettins
  9 deep elf death magi
  3 mummy priests (Crypt:3)
  6 great orbs of eyes
  22 yaktaur captains
  9 jiangshi
  3 deep elf high priests
  13 merfolk impalers
  10 fire dragons
  6 entropy weavers
  A great orb of eyes (shapeshifter) (Vaults:5)
  6 rakshasas
  12 ice dragons
  2 spriggan air magi
  A hell beast (D:1)
  3 ironbound frosthearts
  5 death knights
  37 vault guards
  2 jorogumos
  5 hydras
  4 radroaches
  An alligator snapping turtle (Shoals:4)
  2 catoblepae
  5 merfolk aquamancers
  A merfolk avatar (Shoals:4)
  6 boulder beetles
  4 satyrs
  7 centaur warriors
  A two-headed ogre (D:8)
  18 dancing weapons
  8 deep troll shamans
  A bennu skeleton (Crypt:1)
  16 death yaks
  3 deep troll earth magi
  An orc high priest (Elf:1)
  Urug (D:12)
  13 tengu warriors
  2 vampire magi
  A titan zombie (Crypt:3)
  A storm dragon zombie (Crypt:2)
  Nergalle (D:10)
  Sonja (D:10)
  2 soul eaters
  A sun demon (Depths:1)
  8 deep elf knights
  6 spriggan berserkers
  2 hell knights
  4 skysharks
  2 bunyip zombies
  A sun moth (Spider:3)
  5 iron trolls
  26 skeletal warriors
  A spriggan druid (Depths:4)
  2 sixfirhies
  3 glowing orange brains
  2 shadow wraiths
  6 pharaoh ants
  20 sea snakes
  42 deep trolls
  10 orb spiders
  Lodul (D:10)
  2 orange crystal statues
  8 flayed ghosts
  An orb spider (shapeshifter) (Vaults:5)
  A swamp dragon (shapeshifter) (Depths:2)
  15 deep elf archers
  2 harpies (Shoals:4)
  3 bog bodies
  6 wizards
  11 lindwurms
  2 steelbarb worms
  24 ironbound convokers
  A lindwurm (shapeshifter) (Depths:2)
  10 orc knights
  4 orc sorcerers
  3 necromancers
  15 phantasmal warriors
  11 deep elf pyromancers
  20 deep elf zephyrmancers
  19 wolf spiders
  54 ugly things
  A jorogumo skeleton (Crypt:1)
  A frost giant zombie (Vaults:5)
  3 oklob plants (Lair:5)
  17 manticores
  A fire giant skeleton (Vaults:5)
  2 salamanders
  19 moths of wrath
  A guardian serpent (Depths:1)
  11 fauns
  6 black mambas
  A guardian serpent (shapeshifter) (Vaults:5)
  A rust devil (Depths:2)
  Maurice (D:12)
  16 elephants
  10 merfolk sirens
  10 demonic crawlers
  9 water nymphs
  10 cyclopes
  A stone giant skeleton (Crypt:3)
  14 vault sentinels
  A naga zombie (Crypt:1)
  7 cane toads
  3 gargoyles
  A cane toad (shapeshifter) (Vaults:5)
  3 rime drakes
  Psyche (D:11)
  3 unseen horrors
  A yaktaur zombie (Vaults:5)
  A hellion (Zot:5)
  6 freezing wraiths
  6 torpor snails
  2 efreet (D:14)
  A bunyip simulacrum (Crypt:3)
  7 komodo dragons
  5 tengu conjurers
  2 death yak skeletons (Crypt:2)
  A yellow draconian skeleton (Crypt:3)
  61 yaktaurs
  11 guardian mummies (Crypt:3)
  A hydra zombie (Crypt:3)
  A red devil (Depths:2)
  2 harpy zombies
  A yaktaur skeleton (Vaults:4)
  5 polar bears
  9 trolls
  12 meliai
  A moth of wrath zombie (Crypt:1)
  Prince Ribbit (D:5)
  4 wind drakes
  A hydra skeleton (Crypt:2)
  36 merfolk
  27 tarantellas
  32 blink frogs
  A raiju (shapeshifter) (Depths:3)
  A death drake skeleton (Crypt:2)
  5 hornets (Spider:4)
  8 large abominations (Depths:2)
  12 snapping turtles
  19 dream sheep
  An air elemental (Elf:2)
  24 slime creatures
  8 flying skulls (Crypt:1)
  25 jumping spiders
  A naga simulacrum (Crypt:1)
  22 culicivoras
  A fire elemental (Elf:3)
  11 water elementals
  A jumping spider (shapeshifter) (D:14)
  2 ushabtiu (Crypt:3)
  3 basilisks
  4 shadows
  36 yaks
  10 wraiths
  A golden eye (Depths:4)
  4 wyverns
  A vampire (D:11)
  A black mamba skeleton (Crypt:1)
  A yak (shapeshifter) (Depths:1)
  3 steam dragons
  8 vampire mosquitoes (D:13)
  Grum (D:11)
  73 redbacks
  4 chaos spawn
  2 demonspawn zombies
  A glowing shapeshifter zombie (Vaults:4)
  A warg (shapeshifter) (Elf:3)
  A skyshark zombie (Crypt:1)
  3 wargs
  4 small abominations (Depths:2)
  3 acid dragons
  An entropy weaver zombie (Vaults:4)
  8 water moccasins
  A merfolk skeleton (Crypt:3)
  A fire bat skeleton (Crypt:3)
  A floating eye (Depths:3)
  4 sky beasts
  59 orc warriors
  2 black bears
  An ice beast (D:7)
  A black bear (shapeshifter) (D:14)
  A blink frog zombie (Crypt:2)
  An ettin simulacrum (Vaults:4)
  14 ogres
  30 wolves
  A boggart (Vaults:1)
  14 centaurs
  2 phantoms (D:7)
  6 kobold brigands
  18 bullfrogs
  A gnoll sergeant (Orc:2)
  2 necrophages
  4 scorpions
  4 earth elementals
  A draconian skeleton (Crypt:2)
  11 wights
  A cyclops zombie (Crypt:3)
  14 killer bees
  A raiju skeleton (Crypt:3)
  5 electric eels
  2 centaur zombies
  7 hounds
  2 human zombies (Ossuary)
  19 orc priests
  6 jellies
  4 iguanas
  Terence (D:2)
  A sleepcap (D:5)
  Jessica (D:2)
  Ijyb (D:3)
  25 orc wizards
  5 mummies
  Robin (D:2)
  10 adders
  5 white imps
  2 ufetubi
  3 worms
  A worm (shapeshifter) (Vaults:5)
  3 dart slugs
  110 orcs
  2 bats (D:3)
  A bat skeleton (Crypt:1)
  A bat zombie (Crypt:3)
  5 endoplasms
  5 giant cockroaches
  A gnoll zombie (Ossuary)
  11 goblins
  7 hobgoblins
  2 jackals (D:3)
  2 quokkas
  8 ball pythons
  2 frilled lizards
  A frilled lizard skeleton (Crypt:3)
  2 goblin zombies (Ossuary)
  A hobgoblin skeleton (Crypt:3)
  A hobgoblin zombie (Ossuary)
  A jackal skeleton (Crypt:2)
  26 kobolds
  A kobold zombie (Ossuary)
  2 rats
  A tentacle (Shoals:3)
2247 creatures vanquished.

Vanquished Creatures (others)
  2 fire giants
  A vault guard (Vaults:5)
  2 deep elf knights (Elf:2)
  2 deep elf pyromancers (Elf:1)
  A komodo dragon (Lair:1)
  2 blink frogs
  An orc warrior (D:7)
  A bullfrog (D:9)
  A killer bee (D:9)
  3 orcs
  3 tentacles (Shoals:3)
19 creatures vanquished.

Grand Total: 2266 creatures vanquished

Notes
Turn   | Place    | Note
-------+----------+-------------------------------------------
     0 | D:1      | backslashecho the Demonspawn Monk began the quest for the
                  | Orb.
     0 | D:1      | Reached XP level 1. HP: 18/18 MP: 1/1
   410 | D:1      | Gained mutation: You regenerate magic rapidly. [demonic
                  | ancestry]
   410 | D:1      | Reached XP level 2. HP: 23/24 MP: 2/2
   576 | D:1      | Reached skill level 1 in Unarmed Combat
  1110 | D:2      | Reached XP level 3. HP: 29/29 MP: 3/3
  1274 | D:2      | Noticed Jessica
  1292 | D:2      | Killed Jessica
  1462 | D:2      | Reached XP level 4. HP: 35/35 MP: 4/4
  1506 | D:2      | Noticed Terence
  1831 | D:2      | Killed Terence
  2334 | D:3      | Noticed Robin
  2363 | D:2      | Killed Robin
  2428 | D:3      | Noticed Ijyb
  2451 | D:3      | Killed Ijyb
  2452 | D:3      | Gained mutation: A meltable shield of frost defends you.
                  | (SH +4) [demonic ancestry]
  2452 | D:3      | Reached XP level 5. HP: 16/42 MP: 5/5
  2631 | D:3      | Found a stormy altar of Qazlal.
  2804 | D:3      | Reached skill level 4 in Fighting
  2900 | D:3      | Reached skill level 1 in Armour
  3393 | D:4      | Found a hide-covered altar of Uskayaw.
  3415 | D:4      | Gained mutation: Your touch may inflict minor irresistible
                  | damage on your foes. [demonic ancestry]
  3415 | D:4      | Reached XP level 6. HP: 18/48 MP: 6/6
  3563 | D:4      | Reached skill level 5 in Axes
  4200 | D:5      | Entered Level 5 of the Dungeon
  4500 | D:5      | Reached XP level 7. HP: 34/55 MP: 7/7
  5092 | D:5      | Reached skill level 5 in Fighting
  5697 | D:6      | Noticed Prince Ribbit
  5719 | D:5      | Killed Prince Ribbit
  5720 | D:5      | Gained mutation: When hurt, damage is shared between your
                  | health and your magic reserves. [demonic ancestry]
  5720 | D:5      | Reached XP level 8. HP: 56/63 MP: 8/8
  5976 | D:6      | Reached skill level 6 in Fighting
  6014 | D:6      | Found Axuliaw's General Store.
  6080 | D:6      | Found Nioxzib's Book Shoppe.
  6217 | D:6      | Found Ankiullu's Weapon Emporium.
  6236 | D:6      | Found Jaras's Antique Weapon Emporium.
  6362 | D:6      | Found Wetsisuz's Distillery.
  6442 | D:6      | Found a staircase to the Ecumenical Temple.
  6453 | Temple   | Entered the Ecumenical Temple
  6473 | Temple   | Became a worshipper of Ru the Awakened
  6534 | D:6      | Gained mutation: You are missing an eye, making it more
                  | difficult to aim. [Ru sacrifice]
  6534 | D:6      | Reached * piety under Ru
  6747 | D:6      | Bought a runed war axe for 130 gold pieces
  7055 | D:6      | Reached XP level 9. HP: 40/71 MP: 4/9
  7261 | D:7      | Reached skill level 5 in Armour
  7563 | D:7      | Reached skill level 7 in Fighting
  8726 | D:8      | Noticed a two-headed ogre
  8734 | D:8      | Killed a two-headed ogre
  8735 | D:8      | Reached skill level 8 in Fighting
  8735 | D:8      | Reached skill level 10 in Axes
  8735 | D:8      | Reached XP level 10. HP: 57/80 MP: 7/10
  8904 | D:8      | Found a sand-covered staircase.
  8911 | Ossuary  | Entered an ossuary
  9555 | D:8      | Gained mutation: You cannot study or cast Fire magic. [Ru
                  | sacrifice]
  9555 | D:8      | Gained mutation: You cannot study or cast Hexes magic. [Ru
                  | sacrifice]
  9555 | D:8      | Gained mutation: You cannot study or cast Necromancy magic.
                  | [Ru sacrifice]
  9555 | D:8      | Reached ** piety under Ru
  9846 | D:8      | Found a staircase to the Lair.
 11347 | D:9      | Reached skill level 9 in Fighting
 11405 | D:9      | Identified the +1 longbow of the Hierophant {flame, rF-
                  | MP+9 Str+2 Int+3}
 11711 | D:9      | Found Jies's Vocational Training.
 11823 | D:9      | Found a burning altar of Makhleb.
 11823 | D:9      | Noticed a cacodemon
 11874 | D:9      | Reached skill level 1 in Throwing
 11931 | D:9      | Found a staircase to the Orcish Mines.
 11960 | D:9      | Gained mutation: A meltable icy envelope protects you from
                  | harm. (AC +8) [demonic ancestry]
 11960 | D:9      | Reached XP level 11. HP: 89/89 MP: 11/11
 12013 | D:10     | Entered Level 10 of the Dungeon
 12329 | D:10     | Found Rohaep Zue's Assorted Antiques.
 12338 | D:10     | Bought a pair of runed boots for 195 gold pieces
 12338 | D:10     | Bought a shiny chain mail for 195 gold pieces
 12888 | D:10     | Gained mutation: You are somewhat inexperienced. (-1 XL)
                  | [Ru sacrifice]
 12888 | D:10     | Reached XP level 10. HP: 81/81 MP: 10/10
 12888 | D:10     | Reached *** piety under Ru
 12888 | D:10     | Reached **** piety under Ru
 12894 | D:10     | Noticed Sonja
 13018 | Lair:1   | Entered Level 1 of the Lair of Beasts
 15063 | Lair:2   | Noticed a pharaoh ant
 15131 | Lair:2   | Reached XP level 11. HP: 65/89 MP: 11/11
 15572 | Lair:1   | Reached skill level 5 in Throwing
 16201 | Lair:2   | Found a hole to the Spider Nest.
 16313 | Lair:2   | Identified the +1 mace of Amortisation {flame, rC+}
 16545 | Lair:2   | Noticed a four-headed hydra
 16555 | Lair:2   | Killed a one-headed hydra
 18321 | Lair:3   | Noticed a catoblepas
 18340 | Lair:3   | Killed a catoblepas
 18341 | Lair:3   | Reached skill level 15 in Axes
 18381 | Lair:3   | Gained mutation: When seriously injured, your blood forms
                  | armour. (AC +0) [demonic ancestry]
 18381 | Lair:3   | Reached XP level 12. HP: 20/93 MP: 6/12
 18722 | Lair:3   | Found a staircase to the Shoals.
 18930 | Lair:3   | Reached skill level 10 in Armour
 19729 | Lair:3   | Gained mutation: You cannot be stealthy. [Ru sacrifice]
 19729 | Lair:3   | Reached ***** piety under Ru
 19897 | Lair:4   | Identified the +3 leather armour of Guosokk {rCorr Str+3}
 21032 | Lair:5   | Entered Level 5 of the Lair of Beasts
 21703 | Lair:5   | Reached XP level 13. HP: 101/101 MP: 13/13
 22353 | Temple   | Gained mutation: You are inexperienced. (-2 XL) [Ru
                  | sacrifice]
 22353 | Temple   | Reached XP level 12. HP: 95/95 MP: 12/12
 22353 | Temple   | Reached ****** piety under Ru
 22355 | Temple   | Fell from the grace of Ru
 22355 | Temple   | Became a worshipper of Warmaster Okawaru
 23158 | Lair:5   | Found a staircase to the Slime Pits.
 23186 | Lair:5   | Reached skill level 1 in Invocations
 23419 | Lair:5   | Reached * piety under Okawaru
 24082 | D:10     | Noticed Nergalle
 24304 | D:10     | Killed Nergalle
 24396 | D:10     | Bought a scroll of teleportation for 78 gold pieces
 24396 | D:10     | Bought a scroll of teleportation for 78 gold pieces
 24396 | D:10     | Bought a jade ring for 130 gold pieces
 24447 | D:10     | Found a portal to a secret trove of treasure.
 24559 | D:10     | Noticed Lodul
 24605 | D:10     | Killed Sonja
 24731 | D:10     | Killed Lodul
 25003 | D:11     | Noticed Psyche
 25019 | D:11     | Killed Psyche
 25162 | D:11     | Noticed an angel
 25246 | D:11     | Noticed Grum
 25267 | D:11     | Killed Grum
 25508 | D:11     | Reached skill level 5 in Invocations
 25524 | D:11     | Reached ** piety under Okawaru
 26303 | D:12     | Noticed Maurice
 26327 | D:12     | Killed Maurice
 26481 | D:12     | Reached *** piety under Okawaru
 26568 | D:12     | Noticed Urug
 26583 | D:12     | Killed Urug
 27156 | Orc:1    | Entered Level 1 of the Orcish Mines
 27637 | Orc:1    | Found Kujyd's Weapon Shop.
 27851 | Orc:1    | Found Deskogat's General Store.
 28062 | Orc:2    | Entered Level 2 of the Orcish Mines
 28093 | Orc:1    | Found Vaim's Armour Emporium.
 28435 | Orc:1    | Bought a +0 kite shield for 72 gold pieces
 28448 | Orc:1    | Found Kehiod's General Store.
 28628 | Orc:2    | Reached XP level 13. HP: 66/101 MP: 14/19
 28659 | Orc:2    | Reached skill level 1 in Shields
 28771 | Orc:2    | Reached **** piety under Okawaru
 29271 | Orc:2    | Received a gift from Okawaru
 29505 | Orc:2    | Found Opemn's General Store.
 29505 | Orc:2    | Found Votisuaq's Antique Weapon Emporium.
 29507 | Orc:2    | Found Voam's Weapon Shoppe.
 29509 | Orc:2    | Found Pufutoy's Assorted Antiques.
 29515 | Orc:2    | Bought a potion of heal wounds for 75 gold pieces
 29526 | Orc:2    | Bought the +0 mask of the Dragon {Will+ Slay+3 SInv} for
                  | 734 gold pieces
 29526 | Orc:2    | Found the +0 mask of the Dragon {Will+ Slay+3 SInv}
 29565 | Orc:2    | Found a staircase to the Elven Halls.
 30149 | Orc:1    | Bought a phial of floods for 640 gold pieces
 30519 | D:13     | Reached skill level 10 in Invocations
 30863 | D:13     | Found a gate to the Vaults.
 30903 | D:13     | Received a gift from Okawaru
 31087 | D:13     | Reached skill level 5 in Shields
 31117 | D:13     | Found a runed translucent door.
 31118 | D:13     | Found a runed translucent door.
 31343 | D:13     | Found a runed translucent door.
 31892 | D:13     | Reached ***** piety under Okawaru
 32674 | D:14     | Received a gift from Okawaru
 33091 | D:14     | Received a gift from Okawaru
 33270 | D:14     | Reached skill level 5 in Dodging
 33596 | D:15     | Entered Level 15 of the Dungeon
 33681 | D:15     | Noticed Rupert
 33882 | D:15     | Found a transporter.
 33957 | D:14     | Identified the +1 plate armour of the Threshing Gods
                  | {Int+3} (Okawaru gifted it to you on level 14 of the
                  | Dungeon)
 33957 | D:14     | Received a gift from Okawaru
 34396 | D:15     | Killed Rupert
 34397 | D:15     | Gained mutation: Your touch may inflict irresistible damage
                  | on your foes. [demonic ancestry]
 34397 | D:15     | Reached XP level 14. HP: 102/108 MP: 18/23
 35173 | D:15     | Found a staircase to the Depths.
 35624 | Shoals:1 | Entered Level 1 of the Shoals
 35944 | Shoals:1 | Reached skill level 10 in Fighting
 35957 | Shoals:1 | Noticed Frances
 35985 | Shoals:1 | Killed Frances
 36099 | Shoals:1 | Found a runed translucent gate.
 36102 | Shoals:1 | Found a runed translucent gate.
 36103 | Shoals:1 | Found a runed translucent gate.
 36382 | Shoals:1 | Received a gift from Okawaru
 37687 | Shoals:1 | Noticed Ullipcorian's ghost (adept HOFi)
 37767 | Shoals:2 | Received a gift from Okawaru
 37966 | Shoals:2 | Reached skill level 11 in Fighting
 38294 | Shoals:3 | Found a gateway to a bazaar.
 38844 | Shoals:2 | Found a runed translucent gate.
 38844 | Shoals:2 | Found a runed translucent gate.
 38844 | Shoals:2 | Found a runed translucent gate.
 38848 | Shoals:2 | Noticed Rexy's ghost (adept MiFi)
 39277 | Shoals:3 | Received a gift from Okawaru
 39338 | Bazaar   | Entered a bazaar
 39530 | Bazaar   | Found Luloc's General Store.
 39546 | Bazaar   | Found Xeosac's Distillery.
 39583 | Bazaar   | Found Bunon's Assorted Antiques.
 39617 | Bazaar   | Found Luatuysch's Antique Armour Emporium.
 39639 | Bazaar   | Found Daups's Book Shoppe.
 39653 | Bazaar   | Bought a potion of haste for 340 gold pieces
 39687 | Bazaar   | Bought 2 potions of curing for 90 gold pieces
 39687 | Bazaar   | Bought a scroll of silence for 142 gold pieces
 39701 | Bazaar   | Bought a potion of invisibility for 72 gold pieces
 39701 | Bazaar   | Bought a potion of curing for 27 gold pieces
 39701 | Bazaar   | Bought a potion of curing for 27 gold pieces
 39739 | Bazaar   | Bought a pair of embroidered gloves for 210 gold pieces
 39999 | Shoals:3 | Reached skill level 12 in Fighting
 40264 | Shoals:3 | Noticed a kraken
 40273 | Shoals:3 | Killed a kraken
 40500 | Shoals:3 | Received a gift from Okawaru
 40501 | Shoals:3 | Gained mutation: When seriously injured, your blood forms
                  | thick armour. (AC +0) [demonic ancestry]
 40501 | Shoals:3 | Reached XP level 15. HP: 121/121 MP: 24/24
 40538 | Shoals:3 | Found a runed translucent gate.
 40538 | Shoals:3 | Found a runed translucent gate.
 40538 | Shoals:3 | Found a runed translucent gate.
 40563 | Shoals:3 | Noticed SeerSkye's ghost (adept DjCj)
 40721 | Shoals:4 | Entered Level 4 of the Shoals
 40835 | Shoals:4 | Identified a scroll of acquirement
 40838 | Shoals:3 | Acquired 966 gold pieces
 40970 | Shoals:4 | Reached skill level 10 in Shields
 41856 | Shoals:4 | Received a gift from Okawaru
 42035 | Shoals:4 | Reached skill level 13 in Fighting
 42288 | Shoals:4 | Got a barnacled rune of Zot
 42472 | Shoals:4 | Identified the +6 scale mail of the Invisible Hand {Contam
                  | rN+ rCorr} (Okawaru gifted it to you on level 4 of the
                  | Shoals)
 42472 | Shoals:4 | Received a gift from Okawaru
 43453 | Elf:1    | Entered Level 1 of the Elven Halls
 44138 | Elf:1    | Reached skill level 10 in Throwing
 44425 | Vaults:1 | Entered Level 1 of the Vaults
 44446 | Vaults:1 | Reached skill level 14 in Fighting
 44644 | Vaults:1 | Received a gift from Okawaru
 44826 | Vaults:1 | Identified the +1 cloak "Gimapol" {Dex+4} (Okawaru gifted
                  | it to you on level 1 of the Vaults)
 44826 | Vaults:1 | Received a gift from Okawaru
 44859 | Vaults:1 | Identified the +4 ring mail "Kuoh" {Int+4}
 45174 | Vaults:1 | Gained mutation: Your touch may irresistibly damage your
                  | foes and sap their willpower. [demonic ancestry]
 45174 | Vaults:1 | Reached XP level 16. HP: 131/134 MP: 25/25
 45250 | Vaults:1 | Reached skill level 15 in Fighting
 45720 | Vaults:1 | Noticed Zenata
 46067 | Vaults:1 | Identified the +3 ring mail "Cikhluh" {Str+3 Dex+4 Slay+4}
 46096 | Vaults:1 | Found Daoxehaf's Magic Scroll Shop.
 46121 | Vaults:1 | Killed Zenata
 46155 | Vaults:1 | Received a gift from Okawaru
 46277 | Vaults:1 | Bought a scroll of enchant weapon for 150 gold pieces
 46385 | Vaults:1 | Reached skill level 16 in Fighting
 46639 | Vaults:2 | Received a gift from Okawaru
 47307 | Vaults:2 | Noticed Nikola
 47335 | Vaults:2 | Killed Nikola
 47366 | Vaults:2 | Noticed Donald
 47396 | Vaults:2 | Killed Donald
 47694 | Vaults:2 | Received a gift from Okawaru
 48163 | Vaults:2 | Reached skill level 17 in Fighting
 48170 | Vaults:2 | Reached XP level 17. HP: 144/147 MP: 23/26
 48498 | Vaults:3 | Received a gift from Okawaru
 49028 | Vaults:3 | Noticed a bone dragon
 49064 | Vaults:3 | Killed a bone dragon
 49072 | Vaults:3 | Found a staircase to the Crypt.
 49163 | Vaults:3 | Noticed Zotwa's ghost (adept GnSk)
 49163 | Vaults:3 | Identified the +4 great mace "Vopu" {elec, rPois Will+}
 49164 | Vaults:3 | Found a transporter.
 49336 | Arena    | Entered the Arena
 49838 | Vaults:3 | Found a transporter.
 49918 | Vaults:4 | Found a transporter.
 49982 | Vaults:4 | Found Ysapt's Jewellery Shop.
 49986 | Vaults:4 | Bought the ring of Haqystiy {rF+ MP+9 Slay+2 Stlth+} for
                  | 632 gold pieces
 50436 | Vaults:4 | Received a gift from Okawaru
 50460 | Vaults:4 | Reached skill level 18 in Fighting
 50568 | Vaults:4 | Noticed Ebloq's ghost (adept MiFi)
 50606 | Vaults:4 | Found a transporter.
 50663 | Vaults:4 | Found Ushrapn's Antique Weapon Emporium.
 50687 | Vaults:4 | Found Gepseh's Antique Weapon Shop.
 50710 | Vaults:4 | Identified the +4 arbalest "Annexis" {drain, rPois}
 50727 | Vaults:4 | Identified the +0 chain mail of Uducobad {-Cast Rampage
                  | rPois Dex+7}
 51115 | Vaults:4 | Found Cobapnah's Weapon Shop.
 51429 | Vaults:3 | Identified the +0 plate armour "Naaraz" {Dex+2} (Okawaru
                  | gifted it to you on level 3 of the Vaults)
 51429 | Vaults:3 | Received a gift from Okawaru
 51671 | Spider:1 | Entered Level 1 of the Spider Nest
 54117 | Vaults:4 | Identified the +1 pair of gloves of Piarghekk {rPois
                  | Stlth+}
 54168 | Vaults:4 | Gained mutation: A meltable icy envelope protects you from
                  | harm. (AC +8) [demonic ancestry]
 54168 | Vaults:4 | Reached XP level 18. HP: 153/157 MP: 18/27
 54186 | Vaults:4 | Killed Ebloq's ghost
 54861 | Spider:2 | Found a runed translucent gate.
 54861 | Spider:2 | Found a runed translucent gate.
 54861 | Spider:2 | Found a runed translucent gate.
 54862 | Spider:2 | Noticed Tacit's ghost (journeyman GrMo)
 55084 | Spider:2 | Killed Tacit's ghost
 55690 | Spider:3 | Received a gift from Okawaru
 56129 | Spider:4 | Entered Level 4 of the Spider Nest
 56304 | Spider:4 | Received a gift from Okawaru
 56896 | Spider:4 | Noticed Aizul
 56903 | Spider:4 | Killed Aizul
 58617 | Elf:3    | Entered Level 3 of the Elven Halls
 58684 | Elf:2    | Paralysed by an air elemental for 1 turns
 59068 | Elf:2    | Identified the amulet of Lilyt {Reflect Harm Rampage rF++
                  | Str-5 SH+5}
 59104 | Elf:2    | Found a runed translucent gate.
 59105 | Elf:2    | Found a runed translucent gate.
 59105 | Elf:2    | Found a runed translucent gate.
 59312 | Elf:3    | Found a transporter.
 59320 | Elf:3    | Found a transporter.
 59627 | Elf:3    | Found a transporter.
 59631 | Elf:3    | Found a transporter.
 59742 | Elf:3    | Found a transporter.
 59748 | Elf:3    | Found a transporter.
 60060 | Elf:3    | Found a gateway to a bazaar.
 60249 | Elf:3    | Received a gift from Okawaru
 60254 | Elf:3    | Noticed Asterion
 60264 | Elf:3    | Killed Asterion
 60293 | Elf:3    | Gained mutation: When low on magic, you restore magic in
                  | place of health. [demonic ancestry]
 60293 | Elf:3    | Reached XP level 19. HP: 164/164 MP: 28/28
 60328 | Elf:3    | Reached skill level 15 in Shields
 60423 | Elf:3    | Identified the +3 chain mail of Ikly {rElec}
 60452 | Elf:3    | Identified the +7 shortbow "Quxzubb" {elec, rPois Str+4}
 60452 | Elf:3    | Identified the ring "Idwy" {rPois rF+ Int+2 Dex+3}
 60789 | Elf:3    | Identified the +0 quarterstaff of the Desolation of Salt
                  | {flame, Fragile rElec Will++ rCorr}
 60799 | Elf:3    | Identified the +0 ring mail of the Watchman {rC+ Str+3}
 60801 | Elf:3    | Identified the staff of death "Gocwajus" {Drain rElec rN+
                  | Int+3 Dex+6}
 60811 | Elf:3    | Got the Spellbook of Orogeny and the Burn
 61022 | Bazaar   | Entered a bazaar
 61025 | Bazaar   | Found Imewk's Book Shop.
 61034 | Bazaar   | Found Aheshech's Antique Weapon Boutique.
 61049 | Bazaar   | Found Puedekue's Distillery.
 61054 | Bazaar   | Found Lont's Assorted Antiques.
 61064 | Bazaar   | Bought 2 potions of curing for 186 gold pieces
 61070 | Bazaar   | Bought a potion of mutation for 56 gold pieces
 61070 | Bazaar   | Bought a potion of curing for 21 gold pieces
 61070 | Bazaar   | Bought a potion of curing for 21 gold pieces
 61070 | Bazaar   | Bought a potion of resistance for 70 gold pieces
 61070 | Bazaar   | Bought a potion of heal wounds for 35 gold pieces
 61070 | Bazaar   | Bought a potion of heal wounds for 35 gold pieces
 61070 | Bazaar   | Bought a potion of heal wounds for 35 gold pieces
 61070 | Bazaar   | Bought a potion of curing for 21 gold pieces
 61647 | Spider:4 | Got a gossamer rune of Zot
 62129 | Depths:1 | Entered Level 1 of the Depths
 62269 | Depths:1 | Found a basalt altar of Yredelemnul.
 62330 | Depths:1 | Reached skill level 19 in Fighting
 63643 | Depths:2 | Received a gift from Okawaru
 63644 | Depths:2 | Reached skill level 15 in Throwing
 63772 | Depths:2 | Received a gift from Okawaru
 63807 | Depths:2 | Received a gift from Okawaru
 63814 | Depths:2 | Noticed a golden dragon
 63837 | Depths:2 | Killed a golden dragon
 64110 | Depths:2 | Found a one-way gate to the infinite horrors of the Abyss.
 64453 | Depths:2 | Found a gateway to Hell.
 64700 | Depths:2 | Found a one-way gate leading to the halls of Pandemonium.
 64731 | Depths:2 | Reached skill level 20 in Fighting
 64931 | Depths:2 | Received a gift from Okawaru
 65080 | Depths:2 | Noticed a juggernaut
 65259 | Depths:2 | Killed a juggernaut
 65556 | Depths:2 | Identified the +0 leather armour of Dag Sism {rPois rC+}
 65572 | Depths:2 | Reached XP level 20. HP: 160/161 MP: 29/29
 66915 | Depths:3 | Received a gift from Okawaru
 67108 | Depths:3 | Noticed a golden dragon
 67125 | Depths:3 | Killed a golden dragon
 67141 | Depths:3 | Noticed a golden dragon
 67294 | Depths:3 | Killed a golden dragon
 68187 | Depths:4 | Entered Level 4 of the Depths
 68406 | Depths:4 | Reached skill level 15 in Invocations
 68431 | Depths:4 | Noticed a caustic shrike
 68447 | Depths:4 | Noticed a caustic shrike
 68453 | Depths:4 | Killed a caustic shrike
 68466 | Depths:4 | Killed a caustic shrike
 69121 | Depths:4 | Noticed a caustic shrike
 69148 | Depths:4 | Killed a caustic shrike
 69149 | Depths:4 | Reached skill level 21 in Fighting
 69468 | Depths:4 | Received a gift from Okawaru
 69481 | Depths:4 | Found a gate to the Realm of Zot.
 69573 | Depths:4 | Found a one-way gateway to a ziggurat.
 70203 | Shoals:1 | Killed Ullipcorian's ghost
 70214 | Shoals:1 | Identified the +3 pair of boots of Hysteria {rPois rCorr}
 70247 | Shoals:1 | Acquired 766 gold pieces
 70584 | Crypt:1  | Entered Level 1 of the Crypt
 71473 | Crypt:1  | Reached XP level 21. HP: 164/164 MP: 14/33
 71590 | Crypt:1  | Reached skill level 15 in Armour
 72589 | Crypt:2  | Received a gift from Okawaru
 72715 | Crypt:2  | Paralysed by a vampire knight for 3 turns
 73069 | Crypt:3  | Entered Level 3 of the Crypt
 73593 | Crypt:3  | Found the +3 hat of Pondering {ponderous, Will+ MP+10
                  | Int+5}
 74348 | Crypt:3  | Received a gift from Okawaru
 74479 | Crypt:3  | Found a staircase to the Tomb.
 75201 | Crypt:3  | Reached skill level 22 in Fighting
 75307 | Crypt:3  | Noticed a dread lich
 75577 | Crypt:3  | Killed a dread lich
 75599 | Crypt:3  | Found a basalt altar of Yredelemnul.
 75615 | Crypt:3  | Identified the amulet of Pypeysyv {Regen+ Int+4}
 75616 | Crypt:3  | Identified the amulet of the Sunfish {Harm rElec Regen+}
 75915 | Crypt:3  | Found an ancient bone altar of Kikubaaqudgha.
 75978 | Crypt:3  | Identified the ring of Incredulity {*Corrode rN+ MP+9 Str-4
                  | Int+6}
 77337 | Vaults:5 | Entered Level 5 of the Vaults
 77401 | Vaults:5 | Received a gift from Okawaru
 77540 | Vaults:5 | Noticed Xtahua
 77560 | Vaults:5 | Killed Xtahua
 77572 | Vaults:5 | Identified the +9 dagger of Ejinom {venom, Str+4 Int-2}
 77626 | Vaults:5 | Identified the +6 sling of the Nexus {heavy, Fly}
 77628 | Vaults:5 | Got a silver rune of Zot
 77877 | Vaults:5 | Reached XP level 22. HP: 198/198 MP: 36/36
 78180 | Vaults:5 | Noticed a dread lich
 78199 | Vaults:5 | Killed a dread lich
 78279 | Vaults:5 | Received a gift from Okawaru
 78363 | Vaults:5 | Noticed an ancient lich
 78396 | Vaults:5 | Killed an ancient lich
 78474 | Vaults:5 | Noticed an ancient lich
 78496 | Vaults:5 | Killed an ancient lich
 78534 | Vaults:5 | Reached ****** piety under Okawaru
 78776 | Vaults:5 | Reached skill level 23 in Fighting
 79254 | Vaults:5 | Received a gift from Okawaru
 79787 | Vaults:5 | Identified the +4 chain mail of Elyvilon's Grace {MP+9
                  | Str+2}
 79790 | Vaults:5 | Identified the +2 robe of Valiance {Regen+ MP+9}
 80223 | D:10     | You paid a toll of +3 shadow dragon scales to enter a
                  | treasure trove
 80224 | Trove    | Entered a treasure trove
 80257 | Trove    | Identified the +4 sling "Xodd" {flame, Dex+3}
 80258 | Trove    | Identified the +4 morningstar of Pailu {freeze, Fly rC+
                  | rCorr Dex-3}
 80265 | Trove    | Identified the amulet "Joudona" {Reflect Dex+2 SH+5}
 80267 | Trove    | Identified the amulet of the Saviour {Faith Harm Rampage
                  | rC++ Str-4}
 80269 | Trove    | Identified the amulet "Mealady" {Faith rN+++ Will- Str+6}
 80478 | D:6      | Bought a potion of curing for 39 gold pieces
 80517 | D:6      | Bought a potion of cancellation for 120 gold pieces
 80517 | D:6      | Bought a potion of magic for 120 gold pieces
 80517 | D:6      | Bought a potion of curing for 45 gold pieces
 80574 | D:9      | Bought a manual of Evocations for 1200 gold pieces
 80574 | D:9      | Bought a manual of Invocations for 1200 gold pieces
 80646 | Orc:2    | Bought a potion of haste for 220 gold pieces
 80646 | Orc:2    | Bought a scroll of teleportation for 66 gold pieces
 80648 | Orc:2    | Bought a potion of flight for 45 gold pieces
 80648 | Orc:2    | Bought a scroll of teleportation for 45 gold pieces
 80648 | Orc:2    | Bought a scroll of fear for 60 gold pieces
 80648 | Orc:2    | Bought a potion of flight for 45 gold pieces
 80876 | Vaults:1 | Bought a scroll of fear for 80 gold pieces
 80876 | Vaults:1 | Bought 3 scrolls of magic mapping for 450 gold pieces
 81092 | Orc:1    | Bought a condenser vane for 680 gold pieces
 81420 | Zot:1    | Entered Level 1 of the Realm of Zot
 81434 | Depths:4 | Reached skill level 1 in Evocations
 81527 | Zot:1    | Noticed an orb of fire
 81585 | Depths:4 | Killed an orb of fire
 81809 | Zot:1    | Reached skill level 5 in Evocations
 81843 | Zot:1    | Received a gift from Okawaru
 81873 | Arena    | Entered the Arena
 82865 | Zot:2    | Noticed an orb of fire
 82877 | Zot:3    | Noticed a Killer Klown
 82906 | Zot:3    | Gained mutation: When seriously injured, your blood forms
                  | very thick armour. (AC +0) [demonic ancestry]
 82906 | Zot:3    | Reached XP level 23. HP: 70/206 MP: 11/37
 82953 | Zot:3    | Killed a Killer Klown
 83050 | Zot:3    | Reached skill level 24 in Fighting
 83050 | Zot:3    | Gained mutation: Your magical and physical power is
                  | slightly enhanced at high health. [demonic ancestry]
 83050 | Zot:3    | Reached XP level 24. HP: 217/217 MP: 37/37
 83051 | Zot:3    | Gained mutation: Your magical and physical power is
                  | enhanced at high health. [demonic ancestry]
 83051 | Zot:3    | Reached XP level 25. HP: 223/223 MP: 37/37
 83159 | Zot:3    | Received a gift from Okawaru
 83313 | Zot:3    | Received a gift from Okawaru
 83467 | Zot:4    | Noticed Vv
 84593 | Zot:5    | Entered Level 5 of the Realm of Zot
 84658 | Zot:4    | Received a gift from Okawaru
 84722 | Zot:4    | Found a huge runed gate.
 84722 | Zot:4    | Found a huge runed gate.
 84722 | Zot:4    | Found a huge runed gate.
 84722 | Zot:4    | Found a huge runed gate.
 84722 | Zot:4    | Found a huge runed gate.
 84722 | Zot:4    | Found a huge runed gate.
 84722 | Zot:4    | Found a huge runed gate.
 84722 | Zot:4    | Found a huge runed gate.
 84722 | Zot:4    | Found a huge runed gate.
 84723 | Zot:4    | Found a huge runed gate.
 84727 | Zot:4    | Found a huge runed gate.
 84727 | Zot:4    | Found a huge runed gate.
 84727 | Zot:4    | Found a huge runed gate.
 84727 | Zot:4    | Found a huge runed gate.
 84728 | Zot:4    | Found a huge runed gate.
 84729 | Zot:4    | Found a huge runed gate.
 84731 | Zot:4    | Found a huge runed gate.
 84732 | Zot:4    | Found a huge runed gate.
 84733 | Zot:4    | Found a huge runed gate.
 84741 | Zot:4    | Found a huge runed gate.
 84741 | Zot:4    | Found a huge runed gate.
 84741 | Zot:4    | Found a huge runed gate.
 84741 | Zot:4    | Found a huge runed gate.
 84741 | Zot:4    | Found a huge runed gate.
 84741 | Zot:4    | Found a huge runed gate.
 84741 | Zot:4    | Found a huge runed gate.
 84742 | Zot:4    | Found a huge runed gate.
 84743 | Zot:4    | Found a huge runed gate.
 84799 | Zot:4    | Found a huge runed gate.
 84799 | Zot:4    | Found a huge runed gate.
 84799 | Zot:4    | Found a huge runed gate.
 84799 | Zot:4    | Found a huge runed gate.
 84799 | Zot:4    | Found a huge runed gate.
 84799 | Zot:4    | Found a huge runed gate.
 84799 | Zot:4    | Found a huge runed gate.
 84800 | Zot:4    | Found a huge runed gate.
 84827 | Zot:5    | Noticed a dread lich
 84832 | Zot:5    | Got the Orb of Zot
 84840 | Zot:5    | Noticed an orb of fire
 85124 | D:12     | Noticed Inantes the pandemonium lord
 85470 | D:$      | Escaped with the Orb!

Illustrated notes

Levels and vault maps discovered:
D:1:      giann_forest_graveyard, layout_basic, grunt_decor_arrowhead
D:2:      layout_loops_corners, basic_altar,
          nicolae_concentric_dashed_squares_mild, uniq_jessica, uniq_terence
D:3:      layout_loops_ring, nicolae_qazlal_general_emergency,
          nicolae_goblin_pals
D:4:      layout_basic, eat_drink_and_be_merry_uskayaw
D:5:      layout_basic
D:6:      layout_basic, minmay_temple_entry_junction, serial_shops,
          nicolae_shop_window_shopping, nicolae_diamond_shop,
          nicolae_inconvenience_store, nicolae_shop_window_shopping, shop,
          uniq_prince_ribbit1
D:7:      layout_basic, minmay_joined_circles
D:8:      layout_loops_corners, dpeg_oklobed_lair, chequers_ossuary_entry_cave
D:9:      layout_loops_ring, makhleb_altar_promises_db, erik_orc_2,
          nicolae_shop_vocational
D:10:     layout_big_octagon, serial_shops, shop, trove_entry_hex_spiral,
          uniq_sonja, uniq_lodul, uniq_nergalle
D:11:     dreamdust_cave_troll, layout_loops_ring, zin_angel, uniq_grum,
          uniq_psyche
D:12:     layout_loops_ring, uniq_urug, uniq_maurice
D:13:     layout_basic, erik_vaults_2, mikee_hates_you
D:14:     layout_grid_maze
D:15:     grunt_enter_depths_hoard, layout_long_grid, minmay_misc_feat_hallway,
          nicolae_diode_basic, uniq_rupert
Temple:   compressed_dpeg_triangle_lava_temple
Lair:1:   layout_cave_pods
Lair:2:   layout_gridlike, nicolae_spider_entry_lesser_pyramids
Lair:3:   layout_small_grid, minmay_shoals_entry_lonely_mermaid, st_stairs_6,
          nicolae_lair_run_with_the_wolves
Lair:4:   layout_gridlike, lemuel_fruit_tree, serial_bayou_shore_a,
          serial_bayou_shore_b, grunt_megastairs_4, lemuel_fruit_fields
Lair:5:   grunt_lair_end_beastmaster, layout_small_grid,
          minmay_slime_entry_oklob_open, dpeg_oklob_1
Shoals:1: layout_shoals, gammafunk_ghost_tricky_traps,
          nicolae_shoals_pincushion_passage, uniq_frances
Shoals:2: layout_shoals, ebering_ghost_rock_garden
Shoals:3: layout_shoals, serial_shops, bzr_entry_gold, ebering_ghost_rock_garden
Shoals:4: shoals_end_grunt_ice, layout_shoals
Spider:1: layout_spider_delve
Spider:2: layout_spider_delve, ebering_ghost_rock_garden
Spider:3: layout_spider_delve, hangedman_spider_tarantella_strand
Spider:4: spider_rune_water, nicolae_spider_baby_got_redback, uniq_aizul
Orc:1:    layout_caves, serial_shops, shop, shop_coins, nicolae_shop_crystal,
          shop, lightli_orcish_oven
Orc:2:    st_orc_rangers, layout_caves, basic_altar, sword_in_stone
Elf:1:    eino_elf_arrival_customs, layout_onion_city, serial_sigils,
          serial_sigils_hangedman_scratch, serial_sigils_hangedman_quiver,
          serial_sigils_hangedman_confine, serial_sigils_hangedman_scar,
          serial_sigils_hangedman_gnaw, serial_sigils_hangedman_writhe
Elf:2:    nicolae_elf_blades_crystal_corner, layout_geoelf_grid, lemuel_elevator
Elf:3:    elf_hall_gauntlet_narrow, layout_geoelf_diagonals, serial_shops,
          statue_bzr, minivault_20, minmay_fountain_box, serial_nicolae_subway,
          nicolae_sub_station_crystal, nicolae_sub_station_metal,
          nicolae_sub_station_stone, uniq_asterion
Vaults:1: vaults_mumra_hex, nicolae_vaults_little_squares_5,
          ontoclasm_vaults_eye, nicolae_vaults_trapezoid_2,
          vaults_room_door_hall, v_misc_32, nicolae_vaults_heart-shaped_vault,
          nicolae_vaults_statue_guard, nicolae_vaults_storage_closets_1,
          nicolae_vaults_house_2, nicolae_vaults_variable_pillar_hall,
          ontoclasm_vaults_fault, layout_vaults_omnicross, serial_shops, shop,
          uniq_zenata
Vaults:2: grunt_vaults_twisty, nicolae_vaults_network_square,
          nicolae_vaults_offset_grid_hallway_4, v_misc_2, v_misc_17, v_misc_28,
          vaults_dpeg_encased_lava, nicolae_vaults_door_testing_chamber,
          ontoclasm_vaults_claustrophobia, hangedman_vaults_maws,
          ontoclasm_vaults_ring_small, nicolae_vaults_offset_grid_hallway_3,
          layout_vaults_ring, uniq_donald, uniq_nikola
Vaults:3: gammafunk_ghost_smash, nicolae_vaults_storage_room_doors,
          nicolae_vaults_asterisk, minmay_crypt_entry_nasty_monster,
          nicolae_vaults_little_squares_6, v_misc_28, nicolae_vaults_wrenched,
          v_misc_8, nicolae_vaults_trapezoid_4, layout_vaults_quadrants
Vaults:4: gammafunk_ghost_arena, nicolae_vaults_surprise_closet_hard,
          ontoclasm_vaults_loading_screen, nicolae_vaults_yaktaur_gun_rack,
          dpeg_vaults_monster_box, vaults_dpeg_doors,
          nicolae_vaults_little_squares_3, vaults_room_pools,
          ontoclasm_vaults_decontamination, nicolae_vaults_storage_closets_3,
          vaults_dpeg_ring, layout_vaults_big_room, serial_shops,
          nicolae_shop_bloodbath_and_beyond, shop, shop,
          nicolae_shop_back_alley_shop
Vaults:5: serial_shops, uniq_xtahua
Crypt:1:  layout_misc_corridors
Crypt:2:  layout_chaotic_city, roderic_lattice_octagonal_star
Crypt:3:  lightli_unholy_cathedral, layout_chaotic_city,
          tomb_entry_sphere_bobbens, eino_tiny_chamber
Depths:1: layout_honeycomb, lemuel_crystal_altar, hellmouth_1,
          minmay_misc_feat_x, chequers_serial_rivers_small_b,
          fake_guardian_serpent_vault
Depths:2: angbandy_vault, layout_gridlike, grunt_hell_entry_dis_mu,
          minmay_room_of_horrors, abandoned_shop, rand_demon_pan_entry_4
Depths:3: minmay_connected_boxes_in_corner, layout_cave_pools, hell_entry,
          abyss_entry, infiniplex_staircase_zigzag_1
Depths:4: evilmike_zot_entry_argh, layout_cave_pools, enter_ziggurat_e,
          hangedman_tar_grid_catacomb, elyvilon_altar_3, kilobyte_rumbling_trees
Zot:1:    layout_misc_corridors, grunt_megastairs_3
Zot:2:    layout_misc_corridors, amethyst_zot_foddershock, grunt_megastairs_5,
          lemuel_elevator
Zot:3:    layout_basic, nicolae_zot_crop_circle
Zot:4:    kennysheep_six_static_rooms, layout_onion, door_vault, uniq_vv
Zot:5:    layout_cathedral_of_symmetry, st_stairs_10,
          hangedman_zot_decor_unnerving_road

Skill      XL: |  1  2  3  4  5  6  7  8  9 10 11 12 13 14 15 16 17 18 19 20 21 22 23 24 25 |
---------------+----------------------------------------------------------------------------+-----
Axes           | 3 4 5 6 8 10 13 15 18 20 21 | 21.8
Unarmed Combat | 1 |  1.0
Dodging        | 3 4 5 6 |  6.0
Fighting       | 4 5 6 8 9 12 14 17 18 20 21 22 23 24 | 24.8
Armour         | 1 2 3 4 6 8 9 12 13 14 16 17 18 | 18.0
Throwing       | 4 6 8 10 11 13 14 15 16 | 16.0
Invocations    | 8 12 17 20 | 20.0
Shields        | 7 9 11 12 13 14 15 | 15.0
Evocations     | 9 11 14 | 14.6

Action                     |  1- 3 |  4- 6 |  7- 9 | 10-12 | 13-15 | 16-18 | 19-21 | 22-24 | 25-27 || total
---------------------------+-------+-------+-------+-------+-------+-------+-------+-------+-------++-------
  Melee: Hand axe          |   102 |   286 |   200 |       |       |       |       |       |       ||   588
         War axe           |       |       |   175 |  1913 |   249 |       |       |       |       ||  2337
         Touch             |       |       |       |     9 |       |       |       |       |       ||     9
         Punch             |       |       |       |     1 |       |       |       |       |       ||     1
         Broad axe         |       |       |       |       |  2052 |  2205 |  3377 |   993 |   413 ||  9040
         Unarmed           |       |       |       |       |       |       |       |     6 |       ||     6
   Fire: Sling             |       |       |     1 |    56 |       |       |       |       |       ||    57
  Throw: Dart              |       |     5 |    16 |    96 |    30 |    19 |    31 |     3 |    26 ||   226
         Throwing net      |       |       |       |     1 |       |       |     1 |       |       ||     2
         Javelin           |       |       |       |       |    30 |   205 |   296 |    57 |    22 ||   610
 Invoke: Sacrifice an Eye  |       |       |     1 |       |       |       |       |       |       ||     1
         Sacrifice Experie |       |       |       |     2 |       |       |       |       |       ||     2
         Sacrifice Arcana  |       |       |       |     1 |       |       |       |       |       ||     1
         Draw Out Power    |       |       |       |     3 |       |       |       |       |       ||     3
         Heroism           |       |       |       |     3 |    19 |    22 |    20 |     7 |     4 ||    75
         Sacrifice Stealth |       |       |       |     1 |       |       |       |       |       ||     1
         Finesse           |       |       |       |       |     2 |     4 |       |     2 |       ||     8
         Duel              |       |       |       |       |       |     1 |       |     1 |       ||     2
  Evoke: Wand              |       |       |     4 |    16 |    11 |     5 |    24 |     1 |     1 ||    62
         Lightning rod     |       |       |       |       |     4 |       |     3 |       |       ||     7
         Phial of floods   |       |       |       |       |     1 |       |     1 |       |       ||     2
         Condenser vane    |       |       |       |       |       |       |       |     1 |       ||     1
    Use: Potion            |       |     2 |     1 |     5 |     2 |    17 |    22 |    20 |     6 ||    75
         Scroll            |       |     8 |     9 |    10 |    15 |    10 |    16 |    14 |     8 ||    90
   Stab: Invisible         |       |       |       |    20 |       |    22 |       |       |       ||    42
         Distracted        |       |       |       |     7 |     1 |     1 |       |       |       ||     9
         Petrified         |       |       |       |    11 |       |       |       |       |       ||    11
         Held in net/web   |       |       |       |     1 |       |       |     2 |       |       ||     3
         Confused          |       |       |       |       |       |       |       |       |     1 ||     1
 Armour: Ring mail         |    32 |     5 |       |       |       |       |       |       |       ||    37
         Robe              |     3 |       |       |       |       |       |       |       |       ||     3
         Chain mail        |       |   137 |   169 |   892 |   786 |   536 |       |       |       ||  2520
         Storm dragon scal |       |       |       |       |       |    65 |   974 |   549 |   301 ||  1889
         Skin              |       |       |       |       |       |       |       |     1 |       ||     1
  Dodge: Dodged            |    49 |   100 |   133 |   694 |   575 |   609 |   672 |   341 |   152 ||  3325
         Repelled          |       |       |       |       |       |       |    19 |    16 |    12 ||    47
  Block: Orb               |       |    25 |    54 |   409 |   292 |       |       |       |       ||   780
         Reflection        |       |       |       |    16 |   116 |    85 |    30 |       |       ||   247
         Other             |       |       |       |    16 |       |       |       |       |       ||    16
         Kite shield       |       |       |       |       |  1224 |  1954 |  2330 |   833 |   357 ||  6698
